[Event "Late-Titled-Tuesday-Blitz-April-16-2024"]
[Site "Chess.com"]
[Date "2024.04.16"]
[Round "1"]
[White "fviana"]
[Black "eljanov"]
[Result "0-1"]
[WhiteElo "2484"]
[BlackElo "2897"]
[TimeControl "180+1"]
[EndTime "14:07:56 PDT"]
[Termination "eljanov won by checkmate"]

1. e4 c6 2. d4 d5 3. Nc3 dxe4 4. Nxe4 Nf6 5. Nxf6+ exf6 6. c3 Bd6 7. Bd3 O-O 8.
Ne2 Re8 9. O-O Nd7 10. Bf4 Nf8 11. Qd2 Ng6 12. Bg3 h5 13. Rfe1 h4 14. Bxd6 Qxd6 15. h3 Bd7 16. Bxg6 fxg6 17. Qf4 Qxf4 18. Nxf4 Kf7 19. f3 Bf5 20. Kf2 g5 21. Ne2 a5 22.
Nc1 a4 23. Rxe8 Rxe8 24. a3 Be6 25. Nd3 Bc4 26. Rd1 b6 27. Rd2 Re6 28. Nb4 c5 29. dxc5 bxc5 30. Nc2 Rb6 31. Ne3 Be6 32. g4 hxg3+ 33.
Kxg3 Ke7 34. h4 gxh4+ 35. Kxh4 Rd6 36. Re2 Kf7 37. f4 Bc8 38. f5 Ba6 39. Rf2 Rd3 40.
Ng2 Bc8 41. Nf4 Re3 42. Kg4 g5 43. Nd5 Re4+ 44. Kg3 Re5 45. Nb6 Bxf5 46. Nxa4 Kg6 47. b4 cxb4 48. axb4 Bc8 49. Nc5 f5 50. Kf3 f4 51.
Re2 Bg4+ 52. Kxg4 Rxe2 53. b5 Re3 54. c4 Rg3# 0-1

[Event "Late-Titled-Tuesday-Blitz-April-16-2024"]
[Site "Chess.com"]
[Date "2024.04.16"]
[Round "1"]
[White "LiemLe"]
[Black "Chess_Star1234"]
[Result "1-0"]
[WhiteElo "3039"]
[BlackElo "2524"]
[TimeControl "180+1"]
[EndTime "14:07:58 PDT"]
[Termination "LiemLe won by checkmate"]

1. Nf3 d5 2. e3 Nf6 3. c4 c6 4. Nc3 Bg4 5. cxd5 cxd5 6. Qb3 Bc8 7. Bb5+ Nc6 8. Ne5 Bd7 9. d4 e6 10. Bd2 Bd6 11. Bxc6 Bxc6 12. Nxc6 bxc6 13. O-O O-O 14. Rfc1 c5 15. dxc5 Bxc5 16. Nxd5 Nxd5 17. Rxc5 Rb8 18.
Qa3 Qb6 19. b3 Rfc8 20. Rac1 Rxc5 21. Rxc5 h6 22. h3 Kh7 23. Qc1 Kg8 24. Qc4 Qb7 25. e4 Nb6 26. Qd4 Qe7 27. Qc3 Qd8 28. Bf4 Rc8 29.
Bc7 Qd1+ 30. Kh2 Nd7 31. Rc4 Nf6 32. Qe3 Qd7 33. Be5 Rxc4 34. bxc4 Qa4 35. Bxf6 gxf6 36. Qb3 Qc6 37. Qb8+ Kg7 38. Qxa7 Qxe4 39. Qc5 Qf4+ 40. g3 Qd2 41. a4 Qa2 42. a5 Kg8 43. Kg2 Kg7 44. Qb5 Qc2 45. Qc6 f5 46. a6 f4 47. a7 fxg3 48. Qf3 gxf2 49. a8=Q f1=Q+ 50. Kxf1 Qxc4+ 51. Kg1 Qc1+ 52. Kh2 Qd2+ 53. Qg2+ Qxg2+ 54. Qxg2+ Kf6 55. Qe4 Kg7 56. Qh4 f6 57. Kg3 Kg6 58.
Kg4 f5+ 59. Kf4 Kg7 60. Ke5 Kg6 61. Kxe6 f4 62. Qg4+ Kh7 63. Kf7 h5 64. Qg7# 1-0

[Event "Late-Titled-Tuesday-Blitz-April-16-2024"]
[Site "Chess.com"]
[Date "2024.04.16"]
[Round "1"]
[White "Sanyura"]
[Black "Charodej1"]
[Result "1/2-1/2"]
[WhiteElo "2602"]
[BlackElo "2304"]
[TimeControl "180+1"]
[EndTime "14:07:58 PDT"]
[Termination "Game drawn by agreement"]

1. e4 c6 2. d4 d5 3. Nc3 dxe4 4. Nxe4 Nd7 5. Nf3 Ngf6 6. Bd3 Nxe4 7. Bxe4 Nf6 8. Bd3 Bg4 9. c3 e6 10. O-O Be7 11. h3 Bh5 12. Re1 O-O 13. Bg5 Rc8 14. Be2 c5 15. Qa4 a6 16. dxc5 Rxc5 17. Rad1 Qc8 18. Be3 Rd5 19. c4 Rxd1 20. Rxd1 Rd8 21. c5 Nd5 22. b4 Bf6 23. Qb3 Nxe3 24. Rxd8+ Qxd8 25. Qxe3 Qd5 26. a3 h6 27. g4 Bg6 28.
Kg2 Bb2 29. Qf4 e5 30. Qc4 Be4 31. Qxd5 Bxd5 32. a4 Bc3 33. b5 axb5 34. axb5 Bb4 35. c6 bxc6 36. bxc6 Bxc6 37. Kg1 f6 38. Bc4+ Kf8 39. Nh4 Be8 40. Bd3 Ke7 41. Nf5+ Kf8 42. Nh4 Bc5 43. Bg6 Bd4 44. Bxe8 Kxe8 45. Nf5 Kf7 46. Kg2 Bc5 47. Kf3 Bf8 48. Ke4 g6 49. Ne3 Ke6 50. f4 exf4 51. Kxf4 Bd6+ 52. Ke4 Bc5 53. Ng2 f5+ 54. gxf5+ gxf5+ 55. Kf3 Bd6 56. Ne3 Be5 57. Nc4 Bc7 58. Ne3 Be5 59. Nc4 Bc7 1/2-1/2

[Event "Late-Titled-Tuesday-Blitz-April-16-2024"]
[Site "Chess.com"]
[Date "2024.04.16"]
[Round "1"]
[White "Alexei_Gubajdullin"]
[Black "KorolDimitriy75"]
[Result "1-0"]
[WhiteElo "2619"]
[BlackElo "2314"]
[TimeControl "180+1"]
[EndTime "14:08:00 PDT"]
[Termination "Alexei_Gubajdullin won by checkmate"]

1. Nf3 c5 2. g3 g6 3. Bg2 Bg7 4.
O-O Nc6 5. c4 Nh6 6. Nc3 Nf5 7.
e3 h5 8. h3 a6 9. Rb1 Rb8 10. a3 b5 11. cxb5 axb5 12. b4 cxb4 13. axb4 e6 14. d4 d5 15. Ne1 Nd6 16. Nd3 Nc4 17.
Nc5 O-O 18. Qb3 Qb6 19. Rd1 Rd8 20. Bb2 Bd7 21. Ra1 Be8 22. Ra6 Qc7 23. Rda1 Rdc8 24.
Ne2 Qe7 25. Nf4 Qf6 26. Nfd3 Qe7 27. Bc3 Qf6 28. h4 Qe7 29. Qd1 Qf6 30. Qe2 Qe7 31.
Bh3 Kh7 32. Nf4 Qf6 33. Qd3 Kg8 34. e4 dxe4 35. Nxe4 Qe7 36. d5 Nxb4 37. Qf3 Ne5 38. Qe2 Nxd5 39. Nxd5 exd5 40. Bxc8 dxe4 41. Ra8 Nf3+ 42.
Kg2 Rxa8 43. Rxa8 Bxc3 44. Bb7 Kh7 45. Bxe4 Ne1+ 46. Kf1 Qe6 47. Rxe8 Qh3+ 48. Kg1 Bd4 49. Bxg6+ Kxg6 50. Qe4+ f5 51. Qe6+ Bf6 52. Rg8+ Kh7 53.
Qf7+ Kh6 54. Qg6# 1-0

[Event "Late-Titled-Tuesday-Blitz-April-16-2024"]
[Site "Chess.com"]
[Date "2024.04.16"]
[Round "1"]
[White "FizzyBand"]
[Black "LUISMIGUELOV"]
[Result "1/2-1/2"]
[WhiteElo "2547"]
[BlackElo "2179"]
[TimeControl "180+1"]
[EndTime "14:08:00 PDT"]
[Termination "Game drawn by repetition"]

1. e4 c6 2. d4 d5 3. Nd2 dxe4 4. Nxe4 Bf5 5. Ng3 Bg6 6. h4 h6 7. Nf3 Nd7 8. h5 Bh7 9. Bd3 Bxd3 10. Qxd3 e6 11.
Bd2 Qb6 12. O-O-O Ngf6 13. Ne4 Nxe4 14. Qxe4 Bb4 15. Bf4 O-O-O 16. Ne5 Nxe5 17. Bxe5 Rhg8 18.
Rh3 Bd6 19. Rb3 Qc7 20. Rbd3 Bxe5 21. dxe5 Rxd3 22. Rxd3 Rd8 23. Rxd8+ Qxd8 24. f4 Qh4 25. b3 Qxh5 26. Kb2 Qg6 27. Qb4 h5 28. a4 a6 29.
Qf8+ Kc7 30. Qd6+ Kc8 31. b4 h4 32. Qf8+ Kc7 33. Qe7+ Kc8 34. Qxh4 Qxg2 35. Qe7 Qg6 36.
Kc3 Qf5 37. Qf8+ Kc7 38. Qd6+ Kc8 39. Qf8+ Kd7 40. Qb8 Qxf4 41. Qxb7+ Kd8 42. Qb8+ Kd7 43. Qd6+ Kc8 44. Qxc6+ Kd8 45. Qb6+ Kd7 46. Qd6+ Ke8 47. b5 axb5 48. axb5 Qf3+ 49. Kb4 Qe4+ 50. c4 Qe1+ 51. Kc5 Qe3+ 52. Kc6 Qe4+ 53. Kc5 Qe3+ 54. Kb4 Qe1+ 55. Ka4 Qa1+ 56. Kb3 Qb1+ 57. Kc3 Qe1+ 58. Kd4 Qf2+ 59. Kd3 Qf3+ 60. Kc2 Qe2+ 61. Kb3 Qe3+ 62. Kb4 Qe1+ 1/2-1/2

[Event "Late-Titled-Tuesday-Blitz-April-16-2024"]
[Site "Chess.com"]
[Date "2024.04.16"]
[Round "1"]
[White "kinga2008"]
[Black "Binary010"]
[Result "0-1"]
[WhiteElo "2428"]
[BlackElo "2777"]
[TimeControl "180+1"]
[EndTime "14:08:02 PDT"]
[Termination "Binary010 won on time"]

1. e4 c5 2. Nf3 a6 3. c3 d5 4.
Bd3 dxe4 5. Bxe4 Nf6 6. Bc2 Nc6 7. O-O Bg4 8. Bb3 e6 9. h3 Bh5 10. Re1 Be7 11. d3 O-O 12. Bf4 Qd7 13. Na3 Rad8 14.
Bc2 b5 15. Qe2 Qd5 16. Qe3 Bxf3 17. Qxf3 Qxf3 18. gxf3 Bd6 19. Bg3 Nh5 20. Kg2 Nf4+ 21. Kh2 Bb8 22. Rad1 Ne7 23. Re4 Neg6 24. d4 c4 25. Nb1 h5 26. h4 Nd5 27. Nd2 Rfe8 28. Bxb8 Rxb8 29. Kg3 f5 30. Ree1 Kf7 31. Nf1 b4 32.
Ba4 Re7 33. cxb4 Rxb4 34. b3 Nc3 35. Rc1 Nxa4 36. bxa4 Rxa4 37. Nd2 Rc7 38. Rc2 c3 39. Nb3 f4+ 40. Kh3 Rac4 41. Rec1 Ne7 42. Nc5 Nf5 43. Rxc3 Rxc3 44. Rxc3 Nxd4 45. Rc4 e5 46. Kg2 Nf5 47.
Kh3 Ke7 48. Rc3 Nd6 49. a4 a5 50. Ne4 Rxc3 51. Nxc3 Ke6 52. Kg2 Nf5 53. Kh3 Nd4 54. Kg2 Kf5 55. Nd5 g5 56. hxg5 Kxg5 57. Ne7 h4 0-1

[Event "Late-Titled-Tuesday-Blitz-April-16-2024"]
[Site "Chess.com"]
[Date "2024.04.16"]
[Round "1"]
[White "jup1978"]
[Black "ameetghasi100"]
[Result "0-1"]
[WhiteElo "2431"]
[BlackElo "2782"]
[TimeControl "180+1"]
[EndTime "14:08:03 PDT"]
[Termination "ameetghasi100 won on time"]

1. d4 Nf6 2. Nf3 g6 3. g3 Bg7 4. Bg2 O-O 5. O-O d6 6. c4 c6 7. h3 Qa5 8. Nc3 e5 9. dxe5 dxe5 10. Qa4 Qxa4 11. Nxa4 Nbd7 12. b3 Re8 13. Ba3 e4 14.
Nh2 e3 15. f4 Nh5 16. Rad1 Nxg3 17. Rfe1 Nf6 18. Bd6 Nfh5 19. Ng4 Nf5 20. Bc7 Nh4 21.
Rd3 Bf5 22. Rxe3 Re4 23. Rxe4 Nxg2 24. Kxg2 Bxe4+ 25. Kf2 Rc8 26. Be5 f6 27. Bb2 Nxf4 28. h4 h5 29. Ne3 b6 30. Rd1 Rc7 31. Rd8+ Kf7 32. Nc3 Re7 33. Rd6 c5 34. Rd8 Bb7 35. Nb5 Nh3+ 36. Kf1 Rxe3 37. Rd7+ Re7 38. Nd6+ Ke6 39.
Rxe7+ Kxe7 40. Nxb7 Nf4 41. a4 Kd7 42. a5 Kc7 43. a6 Ne6 44. e3 g5 45. Kf2 g4 46.
Kg3 f5 47. Bxg7 Nxg7 48. Kf4 Ne6+ 49. Kg3 Nf8 50. Kf4 Nd7 51. Kg3 Nb8 52. b4 cxb4 53. c5 b3 54. cxb6+ Kxb6 0-1

[Event "Late-Titled-Tuesday-Blitz-April-16-2024"]
[Site "Chess.com"]
[Date "2024.04.16"]
[Round "1"]
[White "TanitoluwaAps116"]
[Black "SergioMoralesG"]
[Result "1-0"]
[WhiteElo "2785"]
[BlackElo "2436"]
[TimeControl "180+1"]
[EndTime "14:08:04 PDT"]
[Termination "TanitoluwaAps116 won by resignation"]

1. e4 c5 2. Nf3 e6 3. c3 Nf6 4. e5 Nd5 5. Bc4 d6 6. d4 cxd4 7. cxd4 Nc6 8. O-O Be7 9. Qe2 O-O 10. Rd1 Na5 11. Bb5 a6 12. Bd3 Nb4 13. Nc3 Nxd3 14. Rxd3 b5 15. d5 Qc7 16. Bf4 Nc4 17. Re1 dxe5 18.
Nxe5 Nxe5 19. Bxe5 Bd6 20. dxe6 Bxe5 21. Nd5 Bxh2+ 22.
Kh1 Qe5 23. e7 Re8 24. Qxe5 Bxe5 25. Rxe5 Ra7 26. Nb6 Be6 27. f4 g6 28. g4 Raxe7 29.
f5 gxf5 30. gxf5 Bxa2 31. Rxe7 Rxe7 32. f6 Re8 33. b3 Bb1 34. Rd6 Bg6 35. Kg1 h5 36.
Nd5 Kh7 37. Ne7 a5 38. Ra6 Kh6 39. Rxa5 Rb8 40. Ra6 Kg5 41. b4 h4 42. Kh2 Kg4 43. Rd6 Ra8 44. Rd4+ Kg5 45. Rd6 Ra2+ 46. Kg1 Kg4 47.
Nxg6 fxg6 48. f7 Ra1+ 49. Kf2 Ra2+ 50. Ke3 Ra8 51. Rxg6+ Kh3 52. Rg8 Ra3+ 53. Kd4 Rf3 54. f8=Q Rxf8 55. Rxf8 Kg2 56. Kc5 h3 57. Kxb5 h2 58.
Rh8 1-0

[Event "Late-Titled-Tuesday-Blitz-April-16-2024"]
[Site "Chess.com"]
[Date "2024.04.16"]
[Round "1"]
[White "prochn"]
[Black "AlexeiShirov"]
[Result "0-1"]
[WhiteElo "2442"]
[BlackElo "2800"]
[TimeControl "180+1"]
[EndTime "14:08:07 PDT"]
[Termination "AlexeiShirov won by resignation"]

1. d4 d5 2. c4 c6 3. Nf3 Nf6 4. g3 dxc4 5. Bg2 g6 6. O-O Bg7 7. Ne5 Be6 8. a4 Nbd7 9. Nf3 Bf5 10.
Nc3 Nd5 11. Nh4 Be6 12. e4 Nxc3 13. bxc3 O-O 14. Ba3 Nf6 15. Rb1 Rb8 16. h3 b5 17.
Nf3 Nxe4 18. Qc1 Bd5 19. Re1 Nd6 20. Ne5 Bxg2 21. Kxg2 Qc8 22. Ng4 Re8 23. Qf4 Nf5 24. a5 Qd8 25. Ne5 Bxe5 26. Rxe5 Qxa5 27. Rxf5 Qxa3 28.
Rxf7 Rf8 29. Re1 Rxf7 30. Qxb8+ Rf8 31. Qe5 Qd6 32. Qxe7 Qxe7 33. Rxe7 Ra8 34. Re1 a5 35. Ra1 Kf7 36. f4 Ke6 37. Kf3 Kd5 38. g4 a4 39. f5 gxf5 40. gxf5 c5 41. dxc5 Kxc5 42. Ke4 Re8+ 43. Kf4 Re2 44. f6 Kd5 45. Rf1 Ke6 46.
Kg5 Kf7 47. Rf5 Rg2+ 48. Kh6 Rg6+ 49. Kxh7 Rxf6 50. Rxb5 Ra6 51. Rb2 a3 52. Ra2 Kf6 53. Kh6 Kf5+ 54. Kh5 Ke4 55. Kg4 Kd3 56. h4 Kxc3 57. h5 Kb3 0-1

[Event "Late-Titled-Tuesday-Blitz-April-16-2024"]
[Site "Chess.com"]
[Date "2024.04.16"]
[Round "1"]
[White "jcibarra"]
[Black "zverr1"]
[Result "1-0"]
[WhiteElo "2916"]
[BlackElo "2496"]
[TimeControl "180+1"]
[EndTime "14:08:08 PDT"]
[Termination "jcibarra won by checkmate"]

1. e4 c5 2. Nf3 g6 3. c3 Bg7 4. d4 cxd4 5. cxd4 d5 6. e5 a6 7.
h3 Nc6 8. Nc3 f6 9. Bf4 Nh6 10.
Rc1 Nf7 11. exf6 exf6 12. Be2 O-O 13. O-O Kh8 14. Na4 Nd6 15. Nc5 Ne4 16. Re1 Nxc5 17. dxc5 Bf5 18. Nd4 Nxd4 19. Qxd4 Be6 20. c6 bxc6 21.
Rxc6 Bf5 22. b4 Qd7 23. Rxa6 Rxa6 24. Bxa6 Qa4 25. Bf1 Qxa2 26. b5 Qb3 27. b6 h5 28. Re7 Bc8 29. Qc5 Qb1 30. Qc7 Ba6 31. Rxg7 g5 32. Bc1 Bxf1 33. Kxf1 Qd3+ 34. Kg1 Qd1+ 35. Kh2 Qd3 36. b7 Qf5 37. b8=Q Rxb8 38. Rxg5 fxg5 39. Qxb8+ Kh7 40. Qc7+ Kg6 41. Qd6+ Kh7 42. f3 h4 43. Qe7+ Kg6 44. Qd6+ Kh7 45. Be3 Kg8 46. Bd4 Kf7 47. Qe5 Qd3 48. Qf6+ Ke8 49.
Qe6+ Kf8 50. Qd6+ Kg8 51. Qd8+ Kh7 52. Qh8+ Kg6 53. Qf6+ Kh5 54. Qf7+ Kh6 55. Bg7+ Kh7 56. Bf6+ Kh6 57. Qg7+ Kh5 58. Qxg5# 1-0

[Event "Late-Titled-Tuesday-Blitz-April-16-2024"]
[Site "Chess.com"]
[Date "2024.04.16"]
[Round "1"]
[White "OparinGrigoriy"]
[Black "english_player_89"]
[Result "0-1"]
[WhiteElo "2978"]
[BlackElo "2523"]
[TimeControl "180+1"]
[EndTime "14:08:12 PDT"]
[Termination "english_player_89 won by resignation"]

1. a3 Nf6 2. b4 e5 3. Bb2 d6 4. c4 g6 5. g3 Bg7 6. Bg2 O-O 7.
Nc3 c6 8. e3 Re8 9. Nge2 Nbd7 10. O-O h5 11. h3 Nf8 12. d4 Qe7 13. e4 h4 14. g4 N8h7 15. d5 Ng5 16. Bc1 Bh6 17.
Be3 Nxg4 18. hxg4 h3 19. Bh1 Bxg4 20. Kh2 f5 21. Rg1 Kh7 22. Qd2 Rf8 23. f3 f4 24.
Rxg4 fxe3 25. Qxe3 Nxf3+ 26. Qxf3 Rxf3 27. Bxf3 Rf8 28. Rf1 Bf4+ 29. Kxh3 g5 30. Kg2 Kg6 31. Rh1 a5 32. Ng3 Bxg3 33. Rxg3 axb4 34. axb4 Ra8 35. Bg4 Qg7 36. Bf5+ Kf6 37. Rh7 Qg8 38. Rgh3 g4 39.
R3h6+ Kg5 40. Rg6+ Qxg6 41. Bxg6 Kxg6 42. Rxb7 Ra3 43.
Ne2 cxd5 44. cxd5 Re3 45. Ng3 Kg5 46. b5 Rb3 47. b6 Kf4 48. Nh5+ Kxe4 49. Nf6+ Kf4 50.
Rb8 Rb2+ 51. Kf1 Kf3 52. Ke1 g3 53. Nd7 g2 54. Rg8 Rb1+ 55. Kd2 g1=Q 56. Rxg1 Rxg1 57. b7 Rg8 58. Kd3 e4+ 59. Kd2 e3+ 60. Kd3 e2 61. Kd2 Kf2 62. b8=Q Rxb8 63. Nxb8 e1=Q+ 0-1

[Event "Late-Titled-Tuesday-Blitz-April-16-2024"]
[Site "Chess.com"]
[Date "2024.04.16"]
[Round "1"]
[White "dvglko"]
[Black "mishanick"]
[Result "0-1"]
[WhiteElo "2525"]
[BlackElo "3042"]
[TimeControl "180+1"]
[EndTime "14:08:13 PDT"]
[Termination "mishanick won by resignation"]

1. e4 c5 2. Nf3 d6 3. Bb5+ Bd7 4. Bxd7+ Qxd7 5. O-O Nc6 6. d4 cxd4 7. Nxd4 Nf6 8. Nc3 g6 9. Nxc6 bxc6 10. Bf4 Bg7 11. h3 O-O 12. e5 dxe5 13. Bxe5 Qf5 14. Qe2 Rfd8 15.
Rad1 Qe6 16. Bxf6 Qxe2 17. Nxe2 Bxf6 18. b3 Kf8 19. Ng3 Bd4 20. Rd3 Bb6 21. Rfd1 Rxd3 22. Rxd3 Ke8 23. Ne4 f5 24. Ng5 h6 25. Ne6 Kf7 26.
Nd4 Rc8 27. Nf3 Ke6 28. Kf1 g5 29. Nd4+ Kf6 30. Ne2 h5 31. h4 gxh4 32. Nf4 Kg5 33. Ne6+ Kf6 34. Nf4 Bc7 35. Ne2 Bd6 36. Rh3 Kg5 37.
Nd4 e5 38. Nf3+ Kf6 39. Rxh4 e4 40. Nd4 Be5 41. c3 Kg5 42. g3 Bxd4 43. cxd4 Rd8 44.
Ke2 Rxd4 45. Rh1 Rd5 46. Rc1 c5 47. Ke3 Kg4 48. Ke2 f4 49. gxf4 Kxf4 50. Rh1 Kg4 51. Ke3 Re5 52. Rg1+ Kf5 53. Rh1 Kg5 54. Rg1+ Kf6 55.
Rh1 Kg6 56. Kf4 Rf5+ 57. Kxe4 Rxf2 58. a4 Rf5 59. Rg1+ Rg5 60. Rh1 Rg3 61. Kd5 Rxb3 62. Kxc5 a5 63. Kc4 Rb4+ 64. Kc5 h4 65. Rg1+ Kf5 66.
Rh1 Kg4 67. Ra1 h3 68. Ra3 h2 69.
Ra1 Kh3 70. Rd1 Rxa4 0-1

[Event "Late-Titled-Tuesday-Blitz-April-16-2024"]
[Site "Chess.com"]
[Date "2024.04.16"]
[Round "1"]
[White "CURRUTACO59"]
[Black "crazy_but_lazy"]
[Result "1-0"]
[WhiteElo "2167"]
[BlackElo "2535"]
[TimeControl "180+1"]
[EndTime "14:08:16 PDT"]
[Termination "CURRUTACO59 won on time"]

1. Nf3 d5 2. d4 c6 3. c4 Nf6 4.
e3 e6 5. Nbd2 Nbd7 6. Bd3 b6 7.
O-O Bb7 8. e4 dxe4 9. Nxe4 Nxe4 10. Bxe4 Nf6 11. Bc2 Be7 12. Qe2 O-O 13. Bg5 c5 14.
dxc5 Bxc5 15. Rad1 Qc7 16. Ne5 Be7 17. Bxf6 Bxf6 18. Qd3 g6 19. Nd7 Bxb2 20. Nxf8 Rxf8 21. Qd7 Rc8 22. Qxc7 Rxc7 23. Bb3 e5 24. Rd8+ Kg7 25. Rfd1 Bd4 26. Kf1 Ba6 27. Ke2 Bxc4+ 28. Bxc4 Rxc4 29.
Rd2 g5 30. g4 a5 31. Rd5 Rc3 32. Rb5 Rh3 33. Kf1 Rxh2 34. Rc2 Rh3 35. Rc7 Rf3 36. Rc2 Rf4 37. Rb3 Rxg4 38. Rf3 Rf4 39. Rxf4 gxf4 40.
Ke2 e4 41. Rc4 f3+ 42. Kf1 Bc5 43. Rxe4 f5 44. Re6 h5 45. Rc6 a4 46. Ke1 a3 47.
Kf1 Kf7 48. Rh6 b5 49. Rxh5 Kf6 50. Rh6+ Ke5 51. Rc6 Kd5 52. Rf6 Ke4 53. Rc6 Kd4 54. Rf6 Ke5 55. Rc6 Kd4 56. Rf6 Kc3 57. Rxf5 Bd4 58. Rxb5 1-0

[Event "Late-Titled-Tuesday-Blitz-April-16-2024"]
[Site "Chess.com"]
[Date "2024.04.16"]
[Round "1"]
[White "alexrustemov"]
[Black "masterofpuppets2"]
[Result "1-0"]
[WhiteElo "2851"]
[BlackElo "2470"]
[TimeControl "180+1"]
[EndTime "14:08:17 PDT"]
[Termination "alexrustemov won on time"]

1. d4 d5 2. c4 e6 3. Nc3 c5 4. cxd5 exd5 5. Nf3 Nf6 6. Bg5 Be6 7. dxc5 Bxc5 8. e3 Nc6 9. Bb5 O-O 10. O-O Rc8 11. Bxc6 bxc6 12. Rc1 Be7 13. Na4 Nd7 14. Bxe7 Qxe7 15.
h3 c5 16. b3 Rfd8 17. Qc2 h6 18. Rfd1 Qf6 19. Qb2 Qxb2 20. Nxb2 Nb6 21. Nd3 c4 22. Nf4 g5 23. Ne2 a5 24. Nc3 a4 25. b4 a3 26. Nd4 Kf8 27. Ncb5 Rd7 28. Rc3 Ra8 29. Nc6 Rb7 30. Rxa3 Rxa3 31. Nxa3 Na4 32. Nc2 Bd7 33. N6d4 Be6 34. Ra1 Ke7 35. Kf1 Kd6 36. Ke2 Nc3+ 37. Kd2 Ne4+ 38. Ke1 f5 39. a4 f4 40. a5 fxe3 41.
fxe3 Bc8 42. b5 Rb8 43. a6 Nc5 44. a7 Ra8 45. b6 Nd7 46. Rb1 Bb7 47. Kd2 Kc5 48.
Ne6+ Kd6 49. Ncd4 Nc5 50. Nxc5 Kxc5 51. Rb5+ Kd6 52. Rb1 Re8 53. Nb5+ Kc6 54. Nc7 Rf8 55. Kc3 Rc8 56. Kd4 Rf8 57. Nxd5 Rd8 58. e4 Rd7 59. Kxc4 Rd8 60. Kd4 Rd7 61. Rc1+ Kb5 62. Rc7 Rxc7 63. bxc7 Ka6 64. c8=Q Kxa7 65. Qc5+ 1-0

[Event "Late-Titled-Tuesday-Blitz-April-16-2024"]
[Site "Chess.com"]
[Date "2024.04.16"]
[Round "1"]
[White "kalxandria"]
[Black "MFatigue"]
[Result "1/2-1/2"]
[WhiteElo "2207"]
[BlackElo "2553"]
[TimeControl "180+1"]
[EndTime "14:08:23 PDT"]
[Termination "Game drawn by 50-move rule"]

1. e4 e6 2. d4 d5 3. Nc3 Nf6 4.
e5 Nfd7 5. f4 c5 6. Nf3 Nc6 7.
Be3 a6 8. Qd2 b5 9. dxc5 Bxc5 10. Bxc5 Nxc5 11. Nd4 Nxd4 12. Qxd4 Qb6 13. Be2 b4 14.
Nb1 Na4 15. Qxb6 Nxb6 16. a3 a5 17. axb4 axb4 18. Rxa8 Nxa8 19. Nd2 Ke7 20. Nb3 Nc7 21. Kd2 Bb7 22. Ra1 Ra8 23. Rxa8 Bxa8 24. Nd4 Kd7 25.
c3 bxc3+ 26. Kxc3 Ne8 27. b4 Kc7 28. b5 Kb6 29. Kb4 Nc7 30. Nb3 d4 31. Nxd4 Bxg2 32. f5 Nd5+ 33. Kc4 Ne3+ 34. Kb4 exf5 35. e6 fxe6 36.
Nxe6 g6 37. Nf8 f4 38. Nxh7 f3 39. Bxf3 Bxf3 40. h4 Nf5 41. Nf8 Nxh4 42. Nd7+ Kc7 43. Ne5 g5 44. Kc5 g4 45. b6+ Kb7 46. Nxg4 Bxg4 47.
Kd4 Kxb6 48. Ke5 Bc8 49. Kd4 Kc6 50. Ke5 Ng6+ 51. Kd4 Kd6 52. Ke4 Be6 53. Kd4 Ne7 54. Ke4 Bd5+ 55. Kf4 Ke6 56. Kg5 Ke5 57. Kg4 Nf5 58. Kg5 Bf7 59. Kg4 Ne3+ 60. Kg5 Nd5 61. Kh6 Kf6 62. Kh7 Ne7 63. Kh8 Ng6+ 64. Kh7 Nf8+ 65.
Kh8 Ne6 66. Kh7 Bg6+ 67. Kh8 Nd4 68. Kg8 Nf3 69. Kh8 Ng5 70. Kg8 Nf7 71. Kf8 Bh7 72. Ke8 Bg6 73. Kf8 Bh7 74. Ke8 Ne5 75. Kf8 Nd7+ 76.
Ke8 Ke6 77. Kd8 Kd6 78. Ke8 Bg6+ 79. Kd8 Bf7 80. Kc8 Nc5 81. Kb8 Kc6 82. Ka7 Bc4 83. Kb8 Nd7+ 84. Kc8 Be6 85. Kd8 Kd6 86. Kc8 Nc5+ 87.
Kd8 Nb7+ 88. Ke8 Nc5 89. Kf8 Ke5 90. Kg7 Bf5 91. Kf8 Ne6+ 92. Ke7 Nc7 93. Kf8 Kf6 94.
Kg8 Be6+ 95. Kh8 Nd5 96. Kh7 Ne7 97. Kh8 Ng6+ 1/2-1/2

[Event "Late-Titled-Tuesday-Blitz-April-16-2024"]
[Site "Chess.com"]
[Date "2024.04.16"]
[Round "1"]
[White "robertoalejandro10"]
[Black "campochess"]
[Result "1/2-1/2"]
[WhiteElo "2556"]
[BlackElo "2216"]
[TimeControl "180+1"]
[EndTime "14:08:26 PDT"]
[Termination "Game drawn - insufficient material"]

1. Nf3 c5 2. c4 Nc6 3. g3 g6 4.
Bg2 Bg7 5. O-O d6 6. Nc3 Nf6 7. b3 O-O 8. Bb2 Ng4 9. h3 Nge5 10. Kh2 Nxf3+ 11. Bxf3 Bd7 12. d3 Rb8 13. Qd2 a6 14. Rfd1 b5 15. Bg2 b4 16. Na4 Bxb2 17. Nxb2 Nd4 18. e3 Nf5 19. d4 cxd4 20. exd4 Qc8 21.
d5 Ng7 22. Re1 Re8 23. Re2 Qc5 24. Rae1 e5 25. dxe6 Nxe6 26. Nd3 Qd4 27. Bd5 a5 28.
Re4 Qf6 29. Nf4 Ng7 30. Rxe8+ Rxe8 31. Bg2 Re5 32. Nd5 Qd8 33. Rxe5 dxe5 34. Qe3 f6 35. c5 Ne6 36. Qd3 Nd4 37. Qc4 Kg7 38. Ne3 Be6 39. Qa6 Bf7 40. c6 Qd6 41. Qb7 Ne6 42. Nc4 Qc7 43. Qxc7 Nxc7 44. Nxa5 Kf8 45. Kg1 Ke7 46. Nb7 Bd5 47. f4 exf4 48. gxf4 Bxg2 49. Kxg2 Ne6 50. Kg3 h5 51. Na5 Kd6 52. Nc4+ Kxc6 53.
Kf3 Kc5 54. Ke4 g5 55. fxg5 Nxg5+ 56. Kf5 Nxh3 57. Kxf6 Nf2 58. Kg5 Nd3 59. Kxh5 Nc1 60. a4 Nxb3 61. Ne3 Nd4 62. Kg4 Nc6 63. Kf4 b3 64. Nd1 Kb4 65. Ke3 Kxa4 66. Kd2 Kb4 67.
Kc1 Nd4 68. Kb1 Nc2 69. Nb2 Ne1 70. Nd1 Ka3 71. Nf2 b2 72. Nd1 Nd3 73. Nxb2 1/2-1/2

[Event "Late-Titled-Tuesday-Blitz-April-16-2024"]
[Site "Chess.com"]
[Date "2024.04.16"]
[Round "1"]
[White "Mikhal867"]
[Black "LevonAronian"]
[Result "1-0"]
[WhiteElo "2542"]
[BlackElo "3044"]
[TimeControl "180+1"]
[EndTime "14:08:28 PDT"]
[Termination "Mikhal867 won by resignation"]

1. c4 e5 2. Nc3 Nc6 3. g3 f5 4. Bg2 Nf6 5. e3 Bb4 6. Nge2 O-O 7. a3 Bxc3 8. Nxc3 d6 9. d3 Qe8 10. Nd5 Nxd5 11. cxd5 Ne7 12. O-O Bd7 13. b4 Qf7 14. e4 f4 15. f3 c6 16. dxc6 Bxc6 17. gxf4 exf4 18. d4 d5 19. a4 a6 20. Qb3 Ng6 21.
e5 Nh4 22. Rf2 b5 23. axb5 Bxb5 24. Kh1 Rac8 25. Bd2 Rc4 26. Bh3 Rxd4 27. Bc3 Rd3 28. e6 Qc7 29. Rc1 Rc8 30. e7 Rxc3 31. Qxd5+ Kh8 32. Rxc3 Qxc3 33. Qd8+ Be8 34. Qxc8 Qe1+ 35. Rf1 Qxe7 36. Qc5 Qd8 37. Qe5 Bb5 38. Re1 Nxf3 39. Qe7 Qg8 40. Rd1 Bc6 41. Bg2 Nd4 42. Rxd4 f3 43.
Rd8 fxg2+ 44. Kg1 Bd5 45. Rxg8+ Bxg8 46. Qd8 h6 47. Kxg2 Kh7 48. Kf2 Bc4 49. Qe7 Bb5 50. Qd6 Kg8 51. Qe5 Kf7 52. Qb8 g5 53. Qc7+ Kg6 54.
Ke3 h5 55. Qd6+ Kf5 56. Qe7 Kg4 57. Qe4+ Kh3 58. Qf5+ Kh4 59. h3 Bc6 60. Kf2 Bb5 61.
Qe5 g4 62. Qg3+ Kg5 63. hxg4 hxg4 64. Ke3 Kf5 65. Qf4+ Ke6 66. Qxg4+ Kd5 67. Kd2 Kc6 68. Kc3 Kb6 69. Qg5 1-0

[Event "Late-Titled-Tuesday-Blitz-April-16-2024"]
[Site "Chess.com"]
[Date "2024.04.16"]
[Round "1"]
[White "Chempiblinka"]
[Black "SRob2003"]
[Result "0-1"]
[WhiteElo "2375"]
[BlackElo "2680"]
[TimeControl "180+1"]
[EndTime "14:08:29 PDT"]
[Termination "SRob2003 won on time"]

1. d4 Nf6 2. c4 e6 3. g3 d5 4. Nf3 dxc4 5. Bg2 c5 6. O-O Nc6 7.
Qa4 Bd7 8. Qxc4 cxd4 9. Nxd4 Rc8 10. Nxc6 Bxc6 11. Bxc6+ Rxc6 12. Qa4 a6 13. Nc3 Be7 14.
Rd1 Qc8 15. Bf4 O-O 16. h4 b5 17. Qb3 Qb7 18. a3 Rfc8 19. Rd2 h6 20. Rad1 Rc4 21.
Be5 Ng4 22. Rd7 Qb6 23. Bd4 Bc5 24. Bxc5 Qxc5 25. Rd8+ Rxd8 26. Rxd8+ Kh7 27. Qc2+ f5 28. e3 a5 29. Qd3 b4 30. axb4 axb4 31. Ne2 Rc2 32. h5 Rxb2 33. Nf4 Ne5 34. Ng6 Nxg6 35. hxg6+ Kxg6 36. Rd6 Qe5 37. Qa6 Rb1+ 38. Kh2 Kf6 39.
Qe2 Qe4 40. f3 Qe5 41. Rd4 Rb3 42. Rd3 Rxd3 43. Qxd3 Kg6 44. Kg2 Kh7 45. g4 Qc3 46.
Qd7 b3 47. Qxe6 Qc2+ 48. Kg3 fxg4 49. fxg4 b2 50. e4 Qc3+ 51. Kf4 Qf6+ 52. Qf5+ Qxf5+ 53. gxf5 b1=Q 54. e5 Qb4+ 55. Ke3 Qc5+ 56. Ke4 Qc4+ 57.
Ke3 Qd5 58. Kf4 Qd4+ 59. Kf3 Qxe5 60. f6 gxf6 0-1